 Dungeon Crawl Stone Soup version 0.29.1 (webtiles) character file.

Game seed: 6338857802800950471

30 vvl the Firebug (level 3, 0/28 HPs)
             Began as a Hill Orc Fire Elementalist on Sept 14, 2022.
             Slain by an adder (2 damage)
             ... on level 2 of the Dungeon.
             The game lasted 00:03:15 (1767 turns).

vvl the Firebug (Hill Orc Fire Elementalist)        Turns: 1767, Time: 00:03:15

Health: 0/28       AC:  5    Str: 10    XL:     3   Next: 18%
Magic:  2/5        EV: 10    Int: 17    God:
Gold:   30         SH:  0    Dex: 11    Spells: 4/5 levels left

rFire   . . .      SeeInvis .   (no weapon)
rCold   + . .      Faith    .   (no shield)
rNeg    . . .      Spirit   .   g - +0 ring mail
rPois   .          Reflect  .   (no helmet)
rElec   .          Harm     .   (no cloak)
rCorr   .          Rampage  .   (no gloves)
Will    .....                   (no boots)
Stlth   +.........              (no amulet)
HPRegen 0.09/turn               f - ring of protection from cold
MPRegen 0.09/turn               (no ring)

@: no status effects
A: no striking features
a: no special abilities


You were on level 2 of the Dungeon.
You visited 1 branch of the dungeon, and saw 2 of its levels.

You collected 30 gold pieces.

Inventory:

Armour
 g - a +0 ring mail (worn)
Jewellery
 f - a ring of protection from cold (left hand)
Scrolls
 d - a scroll of fog {unknown}
 e - 2 scrolls of identify {unknown}
 h - a scroll of fear {unknown}
 i - a scroll of poison {unknown}
Potions
 a - a potion of mutation {unknown}
 b - a potion of magic
 c - a potion of heal wounds {unknown}


   Skills:
 + Level 1.0 Fighting
 + Level 1.0 Axes
 + Level 0.5 Armour
 + Level 1.7 Dodging
 + Level 1.8 Stealth
 + Level 0.6 Shields
 + Level 1.6 Spellcasting
 + Level 1.3 Conjurations
 + Level 3.4 Fire Magic
 + Level 0.7 Invocations


You had 4 spell levels left.
You knew the following spells:

 Your Spells              Type           Power      Damage    Failure   Level
a - Foxfire               Conj/Fire      36%        2x1d5     21%         1

Your spell library contained the following spells:

 Spells                   Type           Power      Damage    Failure   Level
 Scorch                   Fire           26%        2d6       19%         2
 Conjure Flame            Conj/Fire      9%         6-21      52%         3
 Inner Flame              Hex/Fire       7%         N/A       61%         3
 Flame Wave               Conj/Fire      9%         2d6       89%         4


Dungeon Overview and Level Annotations

Branches:
Dungeon (2/15)

Altars:


Message History

The adder is almost dead.
The adder barely misses you.
You barely miss the adder.
The adder is almost dead.
The adder barely misses you.
You closely miss the adder.
The adder is almost dead.
The adder bites you.
* * * LOW HITPOINT WARNING * * *
The adder closely misses you.
You hit the adder.
The adder is almost dead.
The adder closely misses you.
You hit the adder but do no damage.
The adder is almost dead.
The adder barely misses you.
You hit the adder but do no damage.
The adder is almost dead.
The adder bites you but does no damage. The adder barely misses you.
You closely miss the adder.
The adder is almost dead.
The adder barely misses you.
You closely miss the adder.
The adder is almost dead.
The adder barely misses you.
You closely miss the adder.
The adder is almost dead.
The adder bites you.
* * * LOW HITPOINT WARNING * * *
You barely miss the adder.
The adder is almost dead.
The adder bites you.
* * * LOW HITPOINT WARNING * * *
The adder bites you.
* * * LOW HITPOINT WARNING * * *
You barely miss the adder.
The adder is almost dead.
The quokka twitches its whiskers.
The adder bites you.
You die...

###########
#......:..#
#.........#
#.........#
#.....@...#
######S#### #g#
######r##########.
.......Sb..........
#######........##..
........)....)..
.........††......
............r.....


You could see 2 adders, a quokka, a goblin and a bat.

Vanquished Creatures
  2 endoplasms (D:1)
  3 giant cockroaches
  A goblin (D:1)
  5 hobgoblins
  5 quokkas (D:1)
  A ball python (D:1)
  3 bats
  2 frilled lizards (D:1)
  A kobold (D:1)
  3 rats (D:1)
26 creatures vanquished.

Vanquished Creatures (others)
  75 foxfires
75 creatures vanquished.

Grand Total: 101 creatures vanquished

Notes
Turn   | Place    | Note
-------+----------+-------------------------------------------
     0 | D:1      | vvl the Hill Orc Fire Elementalist began the quest for the
                  | Orb.
     0 | D:1      | Reached XP level 1. HP: 14/14 MP: 3/3
   288 | D:1      | Reached XP level 2. HP: 20/20 MP: 0/4
  1197 | D:1      | Reached XP level 3. HP: 7/27 MP: 1/5
  1718 | D:2      | Reached skill level 1 in Fighting
  1743 | D:2      | Reached skill level 1 in Axes
  1767 | D:2      | Slain by an adder

Illustrated notes

Levels and vault maps discovered:
D:1:      heliophobic_arrival_ceremonial_halls, layout_loops_ring
D:2:      layout_rooms

Skill      XL: |  1  2  3 |
---------------+----------+-----
Fighting       | 1 |  1.0
Axes           | 1 |  1.0
Armour         | |  0.5
Dodging        | |  1.7
Stealth        | |  1.8
Shields        | |  0.6
Spellcasting   | |  1.6
Conjurations   | |  1.3
Fire Magic     | |  3.4
Invocations    | |  0.7

Action                   || total
-------------------------++-------
Melee: Unarmed           ||    88
       Punch             ||     2
 Cast: Foxfire           ||    47
Armor: Ring mail         ||    30
       Robe              ||     1
Dodge: Dodged            ||    71
